 Dungeon Crawl Stone Soup version 0.28-a0-233-gb8ca4b6547 (webtiles) character file.

Game seed: 16272597476804222738

3717 siradein the Cleaver (level 9, -3/94 HPs)
             Began as a Demonspawn Berserker on Aug 23, 2021.
             Was a Priest of Trog.
             Killed from afar by an electric eel (5 damage)
             ... with a bolt of electricity
             ... on level 8 of the Dungeon.
             The game lasted 00:30:33 (8046 turns).

siradein the Cleaver (Demonspawn Berserker)         Turns: 8046, Time: 00:30:34

Health: -3/94      AC: 13    Str: 22    XL:     9   Next: 92%
Magic:  9/9        EV:  6    Int:  8    God:    Trog [***...]
Gold:   360        SH:  3    Dex: 14    Spells: 8/8 levels left

rFire   . . .      SeeInvis .   M - +0 broad axe
rCold   + . .      Faith    .   k - +0 buckler
rNeg    . . .      Spirit   .   L - +0 plate armour
rPois   .          Reflect  .   y - +1 helmet
rElec   .          Harm     .   g - +0 cloak
rCorr   +          Rampage  .   (no gloves)
Will    ++...                   (no boots)
Stlth   ..........              o - amulet of the acrobat
HPRegen 1.25/turn               e - ring of protection from cold
MPRegen 0.22/turn               H - ring of resist corrosion

@: berserking, strong-willed (expiring), regenerating (expiring), very quick
A: claws 2, thin skeletal structure 1, spiny 2, magic regeneration
a: Renounce Religion, Berserk, Trog's Hand


You were on level 8 of the Dungeon.
You worshipped Trog.
Trog was most pleased with you.
You visited 1 branch of the dungeon, and saw 8 of its levels.

You collected 360 gold pieces.

Inventory:

Hand Weapons
 M - a +0 broad axe (weapon)
Missiles
 q - 41 poisoned darts (quivered)
 x - 3 datura-tipped darts
Armour
 g - a +0 cloak (worn)
 k - a +0 buckler (worn)
 y - a +1 helmet (worn)
 L - a +0 plate armour (worn)
Jewellery
 e - a ring of protection from cold (left claw)
 i - a ring of magical power
 j - a ring of protection from fire
 o - an amulet of the acrobat (around neck)
 s - an amulet of magic regeneration
 G - a ring of magical power
 H - a ring of resist corrosion (right claw)
Wands
 a - a wand of mindburst (14)
 v - a wand of digging (4)
 w - a wand of polymorph (4)
 J - a wand of flame (41)
Scrolls
 h - a scroll of enchant weapon
 l - 3 scrolls of noise {unknown}
 m - 2 scrolls of teleportation {unknown}
 p - a scroll of vulnerability {unknown}
 r - a scroll of magic mapping {unknown}
 t - a scroll of fog {unknown}
 B - a scroll of silence {unknown}
 C - 2 scrolls of brand weapon {unknown}
 F - 2 scrolls of fear {unknown}
Potions
 b - a potion of magic
 c - 4 potions of curing
 d - a potion of cancellation {unknown}
 f - a potion of attraction {unknown}
 n - 2 potions of might {unknown}
 u - 2 potions of degeneration {unknown}
 z - 3 potions of haste
 A - 2 potions of mutation {unknown}
 D - a potion of brilliance {unknown}
 E - 3 potions of heal wounds
 I - a potion of lignification {unknown}
 K - a potion of flight {unknown}


   Skills:
 - Level 3.0 Fighting
 + Level 12.9 Axes
 - Level 1.7 Armour
 - Level 1.7 Dodging


You had 8 spell levels left.
You didn't know any spells.
Your spell library was empty.

Dungeon Overview and Level Annotations

Branches:
Dungeon (8/15)             Temple (0/1) D:5
   Lair: D:8-11

Altars:
Ashenzari
Elyvilon
Ru
Wu Jian
The Shining One

Shops:
D:5 *


Innate Abilities, Weirdness & Mutations

You have very sharp fingernails.
You have a somewhat thin skeletal structure. (Dex +2, Stealth+)
You are mostly covered in sharp spines.
You regenerate magic rapidly.


Message History

The electric eel shoots out a bolt of lightning at you!
The bolt of electricity hits you.
Your skin crawls.
You feel strong-willed.
The electric eel shoots out a bolt of lightning at you!
The bolt of electricity hits the electric eel.
The electric eel completely resists.
The bolt of electricity hits you! The steam dragon misses you.
You block the steam dragon's attack.
You barely miss the steam dragon. The steam dragon breathes steam at you.
The ball of steam hits you!
A red film seems to cover your vision as you go berserk!
You feel yourself moving faster!
You feel mighty!
You are engulfed in a cloud of scalding steam.
* * * LOW HITPOINT WARNING * * *
You feel the effects of Trog's Hand fading.
The steam dragon bites you but does no damage.
The steam dragon claws you but does no damage.
The electric eel shoots out a bolt of lightning at you!
The bolt of electricity hits the electric eel.
The electric eel completely resists.
The bolt of electricity hits you!
* * * LOW HITPOINT WARNING * * *
Found a robe.
You feel a strong urge to attack something.
The steam dragon closely misses you.
The steam dragon claws you but does no damage.
Your shield and plate armour prevent you from hitting the electric eel.
You closely miss the steam dragon. You closely miss the electric eel.
You hit the steam dragon. The steam dragon breathes steam at you.
The ball of steam hits you!
* * * LOW HITPOINT WARNING * * *
The electric eel shoots out a bolt of lightning at you!
The bolt of electricity hits the electric eel.
The electric eel completely resists.
The bolt of electricity misses you.
The electric eel shoots out a bolt of lightning at you!
The bolt of electricity hits you.
* * * LOW HITPOINT WARNING * * *
The bolt of electricity hits you.
You die...

......#......#
..........##.## #.
.....#...# #..# . .
..<..#...###..#### . .#
...†.)(..#..../..# ≈#.#
...........$.....##.≈#
......##.##?.......≈#
...##..#.#..##..D.≈#.
......##...(###.@;#...#
............. #.§#;..#≈
.....#?......[..§..≈#≈..
...####...[......###≈. .
.## #......#...# #.
......###### . ##. #


You could see a steam dragon (catching breath) and 2 electric eels.

Vanquished Creatures
  A vampire (D:5)
  2 wyverns
  Grum (D:8)
  A steam dragon (D:6)
  Menkaure (D:4)
  A water moccasin (D:7)
  An ice beast (D:7)
  3 ogres
  A necrophage (D:5)
  2 centaurs
  4 wolves
  A bullfrog (D:4)
  3 kobold brigands
  A wyvern zombie (D:7)
  Blork the orc (D:6)
  A gnoll sergeant (D:5)
  A scorpion (D:7)
  A water moccasin zombie (D:7)
  2 water moccasin skeletons (D:5)
  A wyvern skeleton (D:7)
  6 killer bees (D:7)
  A bullfrog zombie (D:6)
  2 centaur zombies (D:7)
  A hound (D:5)
  4 orc priests
  3 jellies
  A bullfrog skeleton (D:5)
  Jessica (D:2)
  6 iguanas
  2 orc wizards
  A hound skeleton (D:5)
  A howler monkey skeleton (D:7)
  8 gnolls
  11 adders
  A shadow imp (D:6)
  2 white imps (D:7)
  An ufetubus (D:4)
  A worm (D:2)
  A dart slug (D:3)
  10 orcs
  3 ball pythons
  10 endoplasms
  2 giant cockroaches
  8 goblins
  12 hobgoblins
  A jackal (D:4)
  14 kobolds
  3 quokkas
  3 bats
  2 frilled lizards
  5 rats
157 creatures vanquished.

Vanquished Creatures (others)
  A quokka (D:6)
  7 plants (D:4)
8 creatures vanquished.

Grand Total: 165 creatures vanquished

Notes
Turn   | Place    | Note
-------+----------+-------------------------------------------
     0 | D:1      | siradein the Demonspawn Berserker began the quest for the
                  | Orb.
     0 | D:1      | Reached XP level 1. HP: 18/18 MP: 1/1
   123 | D:1      | Reached skill level 3 in Axes
   309 | D:1      | Gained mutation: You have sharp fingernails. [demonic
                  | ancestry]
   309 | D:1      | Reached XP level 2. HP: 24/24 MP: 2/2
   979 | D:2      | Found a faded altar of an unknown god.
  1133 | D:2      | Gained mutation: You have very sharp fingernails. [demonic
                  | ancestry]
  1133 | D:2      | Reached XP level 3. HP: 28/29 MP: 3/3
  1207 | D:2      | Reached ** piety under Trog
  1359 | D:2      | Reached skill level 4 in Axes
  1383 | D:2      | Noticed Jessica
  1393 | D:2      | Killed Jessica
  1394 | D:2      | Gained mutation: You are partially covered in sharp spines.
                  | [demonic ancestry]
  1394 | D:2      | Reached XP level 4. HP: 33/35 MP: 4/4
  2157 | D:3      | Reached skill level 5 in Axes
  2249 | D:3      | Found an ornate altar of the Wu Jian Council.
  2873 | D:4      | Reached XP level 5. HP: 38/41 MP: 5/5
  3063 | D:4      | Reached skill level 6 in Axes
  3075 | D:4      | Reached XP level 6. HP: 43/47 MP: 6/6
  3262 | D:4      | Noticed Menkaure
  3268 | D:4      | Killed Menkaure
  3471 | D:4      | Reached skill level 7 in Axes
  3471 | D:4      | Gained mutation: You are mostly covered in sharp spines.
                  | [demonic ancestry]
  3471 | D:4      | Reached XP level 7. HP: 52/52 MP: 7/7
  4119 | D:5      | Entered Level 5 of the Dungeon
  4136 | D:5      | Reached skill level 8 in Axes
  4750 | D:5      | Reached skill level 9 in Axes
  4750 | D:5      | Gained mutation: You have a somewhat thin skeletal
                  | structure. (Dex +2, Stealth+) [demonic ancestry]
  4750 | D:5      | Reached XP level 8. HP: 51/58 MP: 8/8
  5172 | D:5      | Found a sacrificial altar of Ru.
  5202 | D:5      | Found Afiherad's Neck Hole.
  5215 | D:5      | Reached skill level 10 in Axes
  5266 | D:5      | Identified the +11 short sword "Demonslayer" {freeze, rPois
                  | rC+ Dex-4}
  5477 | D:5      | Found a staircase to the Ecumenical Temple.
  5950 | D:6      | Found a broken altar of Ashenzari.
  6151 | D:6      | Reached skill level 11 in Axes
  6225 | D:6      | Noticed Blork the orc
  6232 | D:6      | Killed Blork the orc
  6233 | D:6      | Gained mutation: You regenerate magic rapidly. [demonic
                  | ancestry]
  6233 | D:6      | Reached XP level 9. HP: 44/63 MP: 9/9
  6996 | D:7      | Reached *** piety under Trog
  7032 | D:7      | Reached skill level 12 in Axes
  7915 | D:8      | Noticed Grum
  7923 | D:8      | Killed Grum
  8046 | D:8      | HP: 2/94 [electric eel/bolt of electricity (5)]
  8046 | D:8      | Killed from afar by an electric eel

Illustrated notes

Levels and vault maps discovered:
D:1:      nagdon_arrival_zigzag_paths, layout_rooms, minmay_surrounded
D:2:      minmay_inner_zag, layout_loops_ring, ebering_ecumenical_altar_hall,
          minivault_23, minmay_cupped, uniq_jessica
D:3:      layout_basic, lemuel_round_altar, tso_altar
D:4:      kennysheep_spiral_hall, layout_basic, serial_forest,
          infiniplex_forest_clump_cross, infiniplex_forest_clump_long,
          infiniplex_forest_lined_3_way, infiniplex_forest_clump_double,
          infiniplex_forest_diagonal, infiniplex_forest_clump_long,
          amcnicky_mini_corridor_feature, uniq_menkaure
D:5:      layout_basic, mainiacjoe_overflow_catwalk, temple_fountains,
          nicolae_shop_sticking_my_neck_out
D:6:      layout_loops_cross, mainiacjoe_overflow_concentric_impassable,
          elyvilon_altar_4, uniq_blork_the_orc
D:7:      layout_cave_pools, hangedman_abyss_or_decor_slice,
          minmay_fractal_squares_5
D:8:      layout_cave_pools, trog_antimagical, chequers_serial_rivers_micro_e,
          kennysheep_crisscross, nicolae_elemental_shop, nicolae_water_bricks,
          minmay_misc_feat_hallway, hangedman_abyss_or_decor_clamps, uniq_erica,
          uniq_grum

Skill      XL: |  1  2  3  4  5  6  7  8  9 |
---------------+----------------------------+-----
Axes           | 3 4 5 6 7 9 11 12 | 12.9
Fighting       | |  3.0
Armour         | |  1.7
Dodging        | |  1.7

Action                   |  1- 3 |  4- 6 |  7- 9 || total
-------------------------+-------+-------+-------++-------
Melee: Hand axe          |    73 |   123 |   236 ||   432
       Broad axe         |       |       |    29 ||    29
Invok: Trog's Hand       |       |     4 |     5 ||     9
       Berserk           |       |     2 |     7 ||     9
  Use: Scroll            |       |     2 |     5 ||     7
 Stab: Sleeping          |     1 |       |       ||     1
Armor: Animal skin       |     5 |       |       ||     5
       Chain mail        |    29 |    60 |    59 ||   148
       Plate armour      |       |       |    64 ||    64
Dodge: Dodged            |    41 |    34 |   109 ||   184
Block: Buckler           |     1 |    13 |    42 ||    56

Table legend: (Time is in decaauts)
 A = Elapsed time spent in this place.
 B = Non-inter-level travel time spent in this place.
 C = Inter-level travel time spent in this place.
 D = Time resting spent in this place.
 E = Time spent auto-exploring this place.
 F = Levels seen in this place.
 G = Mean time per level.
                   A        B        C        D        E       F      G
               +--------+--------+--------+--------+--------+-----+--------+
         Total |   8114 |   7786 |    328 |   1191 |   5276 |   8 | 1014.2 |
       Dungeon |   8114 |   7786 |    328 |   1191 |   5276 |   8 | 1014.2 |
               +--------+--------+--------+--------+--------+-----+--------+

Top non-repeatable levels by time:
     D:4: 1769 daAuts
     D:6: 1360 daAuts
     D:5: 1312 daAuts
     D:3: 1008 daAuts
     D:2: 887 daAuts
     D:1: 845 daAuts
     D:7: 773 daAuts
     D:8: 155 daAuts
